Map: Clair de lune fanatique EC (Void)

Players

AgCl

  • Race: Protoss Protoss
  • League: Silver

PresumingEd - Winner!

  • Race: Zerg Zerg
  • League: Silver

VOD

Have the link to the VOD?

Description

Time

  • Played on: July 14, 2015, 4:32 a.m.
  • Length: 9:07
Show
View Real Time Build Order
Export as new Build Order

AgCl Protoss 

Build Orders: Oracle Opening, Carrier Rush 

Get SALT Encoding   

  12  0:14  Probe  
  12  0:16  Pylon  
  13  0:30  Probe  
  14  0:43  Probe  
  14  0:49  Gateway, Assimilator  
  15  0:55  Probe  
  16  1:07  Assimilator  
  16  1:08  Probe (Chrono Boost)  
  16  1:09  Pylon  
  18  1:20  Probe (Chrono Boost)  
  18  1:26  Probe (Chrono Boost)  
  19  1:36  Cybernetics Core  
  19  1:38  Probe (Chrono Boost)  
  20  1:49  Probe (Chrono Boost)  
  21  1:55  Probe (Chrono Boost)  
  22  2:07  Probe (Chrono Boost)  
  23  2:15  Stargate  
  23  2:16  Pylon  
  23  2:19  Mothership Core (Chrono Boost)  
  25  2:26  Warp Gate (Chrono Boost)  
  25  2:33  Probe  
  26  2:43  Gateway  
  25  2:45  Probe  
  27  2:59  Oracle  
  30  3:17  Nexus  
  29  3:22  Adept (Chrono Boost)  
  29  3:25  Probe  
  32  3:37  Probe  
  33  3:49  Probe  
  34  3:56  Pylon  
  34  3:59  Fleet Beacon  
  34  4:01  Probe  
  35  4:13  Probe  
  36  4:26  Probe (Chrono Boost)  
  34  4:31  Carrier (Chrono Boost)  
  34  4:34  Gateway  
  34  4:35  Probe (Chrono Boost)  
  34  4:37  Assimilator  
  36  4:38  Probe (Chrono Boost)  
  36  4:41  Assimilator  
  36  4:52  Probe (Chrono Boost)  
  43  4:57  Probe (Chrono Boost)  
  44  5:04  Probe (Chrono Boost)  
  45  5:07  Adept  
  45  5:12  Graviton Catapult, Probe (Chrono Boost)  
  49  5:14  Probe (Chrono Boost)  
  49  5:19  Probe  
  50  5:23  Probe  
  50  5:24  Adept  
  53  5:31  Probe  
  54  5:35  Probe  
  55  5:49  Pylon, Carrier (Chrono Boost)  
  55  5:53  Adept  
  57  6:01  Pylon  
  57  6:05  Stargate  
  63  6:25  Adept x3  
  63  6:46  Adept x2  
  63  6:47  Adept  
  67  6:48  Carrier (Chrono Boost)  
  67  6:59  Pylon  
  67  7:04  Carrier (Chrono Boost)  
  73  7:08  Adept  
  81  7:24  Stalker  
  83  7:33  Stalker  
  83  7:34  Stalker  
  64  7:50  Adept  
  62  7:53  Probe  
  62  7:56  Gateway  
  62  7:57  Pylon  
  64  8:00  Stalker x2  
  73  8:15  Probe  
  76  8:20  Phoenix (Chrono Boost)  
  76  8:21  Adept  
  78  8:33  Adept x2  
  60  8:59  Stalker x2  
  60  9:00  Stalker  
  64  9:03  Pylon  
Show
View Real Time Build Order
Export as new Build Order

PresumingEd Zerg - Winner!

Build Orders: Pool First 

Get SALT Encoding   

  12  0:11  Overlord  
  12  0:13  Drone  
  13  0:17  Drone  
  14  0:30  Drone  
  15  0:41  Drone  
  16  0:44  Drone  
  16  0:49  Spawning Pool  
  16  0:55  Drone  
  17  1:11  Drone  
  18  1:23  Hatchery  
  17  1:27  Overlord  
  17  1:32  Drone  
  18  1:41  Queen  
  18  1:45  Extractor  
  18  1:46  Drone  
  20  1:50  Drone  
  21  2:00  Zergling x2  
  22  2:10  Drone  
  23  2:19  Queen  
  25  2:29  Drone  
  26  2:35  Queen  
  26  2:36  Drone  
  26  2:37  Drone  
  30  2:49  Drone  
  31  2:56  Metabolic Boost  
  31  3:02  Drone x2  
  31  3:05  Drone x2  
  35  3:06  Hatchery  
  35  3:11  Drone x2  
  36  3:24  Overlord  
  36  3:32  Lair  
  36  3:40  Overlord  
  36  3:41  Queen  
  36  3:45  Drone  
  36  3:46  Drone x4  
  42  3:52  Zergling x2  
  42  3:53  Zergling x2  
  44  4:04  Drone  
  44  4:05  Drone  
  46  4:11  Hatchery, Spore Crawler  
  46  4:14  Spore Crawler  
  39  4:30  Queen  
  41  4:31  Drone x2  
  41  4:35  Drone  
  41  4:36  Drone x2, Extractor  
  45  4:42  Queen  
  47  4:46  Drone x2  
  47  4:48  Drone  
  50  4:59  Drone  
  51  5:00  Drone  
  51  5:03  Drone  
  53  5:12  Drone x4, Spire  
  53  5:13  Drone x2  
  58  5:23  Drone x2  
  58  5:25  Drone, Queen  
  63  5:29  Drone x2, Extractor x2  
  63  5:30  Drone  
  63  5:38  Evolution Chamber, Drone  
  63  5:40  Evolution Chamber  
  63  5:41  Drone, Extractor x2  
  58  6:06  Zergling x2  
  58  6:07  Zergling x8  
  58  6:09  Overlord x4  
  63  6:30  Mutalisk  
  63  6:31  Mutalisk x4  
  71  6:34  Queen x3  
  73  6:53  Drone  
  69  6:54  Zergling x2  
  69  6:55  Zergling x36  
  69  7:00  Spore Crawler  
  69  7:01  Mutalisk  
  87  7:02  Spore Crawler  
  87  7:03  Spore Crawler  
  87  7:08  Drone  
  84  7:29  Mutalisk  
  76  7:30  Mutalisk x5  
  85  7:37  Zergling x2  
  85  7:38  Zergling x12  
  90  7:54  Drone x2  
  90  8:01  Mutalisk x2  
  90  8:03  Overlord  
  94  8:17  Drone x2  
  96  8:22  Mutalisk  
  96  8:23  Mutalisk  
  96  8:26  Overlord x3  
Tags
 
Add a new tag
Caveats
  • Supply blocks, unpowered buildings, or Contaminate may cause inaccurate times.
  • Supply counts are checked every 10 seconds.